 Dungeon Crawl Stone Soup version 0.28-a0-793-g31680bbd8b (webtiles) character file.

Game seed: 654413794343335886

168 bande the Covered (level 5, -1/33 HPs)
             Began as a Gargoyle Fighter on Nov 3, 2021.
             Slain by Pikel (6 damage)
             ... on level 3 of the Dungeon.
             The game lasted 00:05:22 (3976 turns).

bande the Covered (Gargoyle Fighter)                Turns: 3976, Time: 00:05:23

Health: -1/33      AC: 17    Str: 20    XL:     5   Next: 48%
Magic:  5/5        EV:  6    Int:  9    God:
Gold:   165        SH:  5    Dex:  9    Spells: 4/4 levels left

rFire   + . .      SeeInvis .   a - +0 war axe
rCold   . . .      Faith    .   c - +1 buckler
rNeg    + . .      Spirit   .   g - +1 plate armour {rF+}
rPois   ∞          Reflect  .   (no helmet)
rElec   +          Harm     .   (no cloak)
rCorr   .          Rampage  .   (no gloves)
Will    .....                   (no boots)
Stlth   ..........              (no amulet)
HPRegen 0.11/turn               (no ring)
MPRegen 0.09/turn               (no ring)

@: no status effects
A: sickness immunity, AC +4, negative energy resistance 1, electricity
resistance, torment resistance 1, petrification resistance
a: no special abilities


You were on level 3 of the Dungeon.
You visited 1 branch of the dungeon, and saw 4 of its levels.

You collected 165 gold pieces.

Inventory:

Hand Weapons
 a - a +0 war axe (weapon)
 b - a +0 war axe
Armour
 c - a +1 buckler (worn)
 g - a +1 plate armour of fire resistance (worn)
Scrolls
 e - 4 scrolls of identify
Potions
 d - a potion of might
 f - a potion of heal wounds
 h - a potion of flight
 i - a potion of brilliance {unknown}


   Skills:
 + Level 3.9 Fighting
 + Level 3.4 Axes
 + Level 4.5 Armour
 + Level 3.8 Shields


You had 4 spell levels left.
You didn't know any spells.
Your spell library contained the following spells:

 Spells                   Type           Power      Damage    Failure   Level
 Apportation              Tloc           0%         N/A       100%        1
 Static Discharge         Conj/Air       0%         N/A       100%        2
 Summon Guardian Golem    Hex/Summ       0%         N/A       100%        3
 Dispel Undead            Necr           0%         3d6       100%        4
 Sticky Flame             Conj/Fire      0%         2d3       100%        4
 Orb of Destruction       Conj           0%         N/A       100%        7
 Spellforged Servitor     Conj/Summ      0%         N/A       100%        7


Dungeon Overview and Level Annotations

Branches:
Dungeon (4/15)
 Temple: D:4-7

Altars:
Ashenzari
Kikubaaqudgha
Nemelex Xobeh
Sif Muna
Vehumet

Shops:
D:3 ?

Annotations:
D:3 Pikel


Innate Abilities, Weirdness & Mutations

You are immune to sickness and miasma.
Your stone body is resilient. (AC +4)
You are immune to poison.
You resist negative energy. (rN+)
You are resistant to electric shocks. (rElec)
You are resistant to unholy torment.
You are immune to petrification.


Message History

You are too injured to fight recklessly!
You are too injured to fight recklessly!
You are too injured to fight recklessly!
You hit Pikel but do no damage.
Pikel is moderately wounded.
Pikel hits you but does no damage.
You miss Pikel.
Pikel is moderately wounded.
Pikel hits you but does no damage.
You barely miss Pikel.
Pikel is moderately wounded.
Pikel hits you but does no damage. Pikel completely misses you.
You hit Pikel.
Pikel is heavily wounded.
Pikel barely misses you.
You barely miss Pikel.
Pikel is heavily wounded.
Pikel hits you but does no damage.
You closely miss Pikel.
Pikel is heavily wounded.
Pikel hits you but does no damage. You block Pikel's attack.
You closely miss Pikel.
Pikel is heavily wounded.
Pikel barely misses you.
You barely miss Pikel.
Pikel is heavily wounded.
Pikel hits you but does no damage.
You slash Pikel!
Pikel is heavily wounded.
You block Pikel's attack. Pikel hits you but does no damage.
You closely miss Pikel.
Pikel is heavily wounded.
Pikel hits you with a +0 whip of flaming!
* * * LOW HITPOINT WARNING * * *
Pikel burns you.
* * * LOW HITPOINT WARNING * * *
You barely miss Pikel.
Pikel is heavily wounded.
Pikel hits you with a +0 whip of flaming.
You die...

#.# ##+## #.........#
##.# #.# ###.#######
##..### #.# #.# ......#
##.## #.#
##.##.######...## #.#
#..............# #.#
#..#.#####....## #.#
#..#.#####...########.#
#..............@K.....#
####.......############
#####.####### ......#
#######


You could see Pikel.

Vanquished Creatures
  A lemure (D:3)
  A hound (D:4)
  An iguana (D:4)
  Terence (D:3)
  2 adders
  2 dart slugs (D:1)
  4 orcs (D:4)
  11 ball pythons
  4 bats
  8 endoplasms
  6 goblins
  4 hobgoblins
  3 jackals (D:1)
  2 quokkas (D:2)
  6 kobolds
  4 rats
60 creatures vanquished.

Notes
Turn   | Place    | Note
-------+----------+-------------------------------------------
     0 | D:1      | bande the Gargoyle Fighter began the quest for the Orb.
     0 | D:1      | Reached XP level 1. HP: 14/14 MP: 1/1
   352 | D:1      | Reached XP level 2. HP: 15/19 MP: 2/2
  1369 | D:2      | Found a broken altar of Ashenzari.
  1389 | D:2      | Reached XP level 3. HP: 23/23 MP: 3/3
  1402 | D:2      | Reached skill level 4 in Armour
  1606 | D:2      | Found a faded altar of an unknown god.
  1887 | D:3      | Found Deasch's Magic Scroll Shoppe.
  2187 | D:3      | Found a sparkling altar of Nemelex Xobeh.
  2238 | D:3      | Reached XP level 4. HP: 26/28 MP: 4/4
  2763 | D:3      | Noticed Terence
  2781 | D:3      | Killed Terence
  3265 | D:4      | Reached XP level 5. HP: 30/33 MP: 5/5
  3306 | D:4      | Found an ancient bone altar of Kikubaaqudgha.
  3458 | D:4      | Found a shimmering blue altar of Sif Muna.
  3460 | D:4      | Found a radiant altar of Vehumet.
  3465 | D:4      | Got Sif Muna's Papyrus of Displacement
  3482 | D:4      | Noticed a lemure
  3482 | D:4      | Noticed Pikel
  3482 | D:4      | Noticed a lemure
  3483 | D:4      | Noticed a lemure
  3483 | D:4      | Noticed a lemure
  3568 | D:3      | Killed a lemure
  3976 | D:3      | Slain by Pikel

Illustrated notes

Levels and vault maps discovered:
D:1:      lightli_arrival_flooded_house, layout_basic, minmay_tetromino_o4
D:2:      layout_rooms, basic_altar, ebering_ecumenical_altar_sacrificial
D:3:      layout_loops_corners, nemelex_xobeh_ov_fountains_minmay, serial_shops,
          nicolae_shop_statue_plus, uniq_terence
D:4:      layout_basic, grunt_temple_overflow_magic_moments,
          nicolae_uskayaw_en_pointe, serial_shops, shop, uniq_pikel

Skill      XL: |  1  2  3  4 |
---------------+-------------+-----
Axes           | 2 3 |  3.4
Armour         | 4 |  4.5
Fighting       | |  3.9
Shields        | |  3.8

Action                   |  1- 3 |  4- 6 || total
-------------------------+-------+-------++-------
Melee: War axe           |   108 |   110 ||   218
  Use: Scroll            |     5 |     2 ||     7
       Potion            |       |     2 ||     2
 Stab: Invisible         |       |     1 ||     1
Armor: Scale mail        |    77 |    29 ||   106
       Plate armour      |       |    49 ||    49
Dodge: Dodged            |    47 |    53 ||   100
Block: Buckler           |    26 |    29 ||    55

Table legend: (Time is in decaauts)
 A = Elapsed time spent in this place.
 B = Non-inter-level travel time spent in this place.
 C = Inter-level travel time spent in this place.
 D = Time resting spent in this place.
 E = Time spent auto-exploring this place.
 F = Levels seen in this place.
 G = Mean time per level.
                   A        B        C        D        E       F      G
               +--------+--------+--------+--------+--------+-----+--------+
         Total |   4061 |   4061 |      0 |    809 |   2581 |   4 | 1015.2 |
       Dungeon |   4061 |   4061 |      0 |    809 |   2581 |   4 | 1015.2 |
               +--------+--------+--------+--------+--------+-----+--------+

Top non-repeatable levels by time:
     D:3: 1676 daAuts
     D:1: 1125 daAuts
     D:2: 779 daAuts
     D:4: 480 daAuts
